 Dungeon Crawl Stone Soup version 0.30.0-5-g1a98f26d00 (webtiles) character file.

Game seed: 14525538367812238184

85 RascalDebosk the Magician (level 4, 0/31 HPs)
             Began as a Djinni Fire Elementalist on May 9, 2023.
             Slain by a goblin
             ... wielding a +0 club
             ... led by Robin
              (6 damage)
             ... on level 3 of the Dungeon.
             The game lasted 00:09:19 (1936 turns).

RascalDebosk the Magician (DjFE)                    Turns: 1936, Time: 00:09:20

Health: 0/31       AC:  4    Str:  7    XL:     4   Next: 75%
Gold:   193        EV: 11    Int: 18    God:
                   SH:  0    Dex: 14

rFire   + + .        j - +0 broad axe (drain)
rCold   x . .        (no shield)
rNeg    . . .        g - +0 leather armour
rPois   ∞            (no helmet)
rElec   .            l - +0 cloak
rCorr   +            (no gloves)
SInv    .            (boots unavailable)
Will    .....        (no amulet)
Stlth   ++           k - ring of resist corrosion
HPRegen 0.25/turn    (no ring)
MPRegen 0.00/turn

%: infuse magic (-1 HP)
@: flying
A: sickness immunity, fire resistance 2, cold vulnerability 1, float, innate
caster, HP casting, extra vitality 1
a: no special abilities


You were on level 3 of the Dungeon.
You visited 1 branch of the dungeon, and saw 3 of its levels.

You collected 193 gold pieces.

Inventory:

Hand Weapons
 j - a +0 broad axe of draining (weapon)
Armour
 a - a +0 robe
 g - a +0 leather armour (worn)
 l - a +0 cloak (worn)
Jewellery
 k - a ring of resist corrosion (left hand)
Wands
 q - a wand of charming (13)
 r - a wand of flame (24)
Scrolls
 b - a scroll of identify {unknown}
 d - a scroll of silence {unknown}
 f - a scroll of acquirement {unknown}
 h - 2 scrolls of enchant armour {unknown}
 m - a scroll of fear {unknown}
 n - a scroll of magic mapping {unknown}
 p - a scroll of immolation {unknown}
Potions
 c - 2 potions of degeneration {unknown}
 e - 2 potions of might {unknown}
 i - a potion of cancellation {unknown}
 o - a potion of ambrosia {unknown}


   Skills:
 - Level 2.1 Dodging
 - Level 1.5 Stealth
 * Level 4.0 Spellcasting


You knew the following spells:

 Your Spells              Type           Power      Damage    Failure   Level
a - Foxfire               Conj/Fire      72%        2x1d7     4%          1
b - Scorch                Fire           36%        2d7       6%          2
c - Volatile Blastmotes   Fire/Tloc      36%        2d13      13%         3
d - Inner Flame           Hex/Fire       18%        N/A       13%         3
e - Flame Wave            Conj/Fire      18%        2d7       38%         4
f - Shock                 Conj/Air       72%        1d7       4%          1
Your spell library was empty.

Dungeon Overview and Level Annotations

Branches:
Dungeon (3/15)

Altars:

Annotations:
D:3 Robin


Innate Abilities, Weirdness & Mutations

You are immune to sickness and miasma.
You are immune to poison.
Your flesh is very heat resistant. (rF++)
You are vulnerable to cold. (rC-)
You float through the air rather than walking.
You learn spells naturally, not from books.
Your magical power is your life essence.
You have superior vitality. (+4 MHP)


Message History

The zap hits the goblin.
You kill the goblin!
The zap hits the goblin.
The goblin is moderately wounded.
The goblin shouts!
The hobgoblin shouts!
You hear a shout!
The goblin unwields a +0 club.
The goblin wields a +0 sling.
The goblin shoots a sling bullet.
The sling bullet hits you but does no damage.
A goblin comes into view. It is wielding a +0 club. x2
The goblin shouts!
Casting: Shock (safe; 4% risk of failure)
Confirm with . or Enter, or press ? or * to list all spells.
Aiming: Shock (safe; 4% risk of failure)
Press: ? - help, Shift-Dir - straight line, f - hobgoblin
Aim: a hobgoblin (71% to hit)
The zap misses the hobgoblin.
The zap misses the goblin.
You hear a shout!
A goblin comes into view. It is wielding a +0 dagger.
Casting: Shock (safe; 4% risk of failure)
Confirm with . or Enter, or press ? or * to list all spells.
Aiming: Shock (safe; 4% risk of failure)
Press: ? - help, Shift-Dir - straight line, f/p - hobgoblin
Aim: a hobgoblin (71% to hit)
The zap hits the hobgoblin.
You kill the hobgoblin!
The zap misses the goblin.
The zap hits the goblin.
The goblin is moderately wounded.
The goblin unwields a +0 club.
The goblin wields a +0 sling.
The goblin shoots a sling bullet.
The sling bullet hits you.
A goblin comes into view. It is wielding a +0 club.
Unknown command.
Casting: Shock (safe; 4% risk of failure)
Confirm with . or Enter, or press ? or * to list all spells.
Aiming: Shock (safe; 4% risk of failure)
Press: ? - help, Shift-Dir - straight line, f - goblin
Aim: a goblin, wielding a +0 sling (moderately wounded, 64% to hit)
The zap hits the goblin.
You kill the goblin!
Your Spellcasting skill increases to level 4!
Casting: Shock (safe; 4% risk of failure)
Confirm with . or Enter, or press ? or * to list all spells.
Aiming: Shock (safe; 4% risk of failure)
Press: ? - help, Shift-Dir - straight line, f - goblin
Aim: a goblin, wielding a +0 dagger (moderately wounded, 64% to hit)
The zap hits the goblin.
You kill the goblin!
The goblin shoots a sling bullet.
The sling bullet hits you.
A goblin comes into view. It is wielding a +0 dagger.
Robin of the Strong Arm comes into view.
They are wielding a +0 whip and carrying a wand of polymorph (10).
Casting: Shock (safe; 4% risk of failure)
Confirm with . or Enter, or press ? or * to list all spells.
Aiming: Shock (safe; 4% risk of failure)
Press: ? - help, Shift-Dir - straight line, f - goblin
Aim: a goblin, wielding a +0 dagger (64% to hit)
The zap misses the goblin.
A goblin comes into view. It is wielding a +0 dagger.
Robin throws the goblin at you!
Casting: Shock (safe; 4% risk of failure)
Confirm with . or Enter, or press ? or * to list all spells.
Aiming: Shock (safe; 4% risk of failure)
Press: ? - help, Shift-Dir - straight line, f/p - goblin
Aim: a goblin, wielding a +0 dagger (64% to hit)
The zap hits the goblin.
The goblin is heavily wounded.
The goblin unwields a +0 sling.
The goblin wields a +0 club.
The goblin closely misses you.
Robin roars a battlecry!
The goblins go into a battle-frenzy!
Casting: Shock (safe; 4% risk of failure)
Confirm with . or Enter, or press ? or * to list all spells.
Aiming: Shock (safe; 4% risk of failure)
Press: ? - help, Shift-Dir - straight line, f/p - goblin
Aim: a goblin, wielding a +0 dagger (heavily wounded, strong, 64% to hit)
The zap hits the goblin.
You kill the goblin!
The goblin hits you with a +0 club.
Casting: Shock (safe; 4% risk of failure)
Confirm with . or Enter, or press ? or * to list all spells.
Aiming: Shock (safe; 4% risk of failure)
Press: ? - help, Shift-Dir - straight line, f - goblin
Aim: a goblin, wielding a +0 club (strong, 64% to hit)
The zap misses the goblin.
* * * LOW HITPOINT WARNING * * *
The goblin hits you with a +0 club.
* * * LOW HITPOINT WARNING * * *
Casting: Shock (safe; 4% risk of failure)
Confirm with . or Enter, or press ? or * to list all spells.
Flames lash the hobgoblin.
You kill the hobgoblin!
* * * LOW HITPOINT WARNING * * *
The goblin hits you but does no damage. Robin throws the goblin at you!
The goblin hits you with a +0 club.
* * * LOW HITPOINT WARNING * * *
Casting: Scorch (safe; 6% risk of failure)
Confirm with . or Enter, or press ? or * to list all spells.
Flames lash the goblin.
You kill the goblin!
* * * LOW HITPOINT WARNING * * *
The goblin barely misses you. The goblin hits you with a +0 club.
You die...

### ... ###
###### #
#..(.# #####
#....# #....
#....# #.###
#..g)######.
##
#...@g).....
#.
#....#g.....
#. #....#
g)... ##.
#....# ...#
#.. #....#
... #.#
#....# ..
##.# ###.##
. .... #.#
.. ##..##
#.## ..##..
#


You could see Robin and 3 goblins.

Vanquished Creatures
  Ijyb (D:3)
  3 adders
  A dart slug (D:1)
  A ball python (D:2)
  3 endoplasms
  7 hobgoblins
  A quokka (D:2)
  6 goblins
  5 kobolds
  7 rats
35 creatures vanquished.

Vanquished Creatures (others)
  78 foxfires
78 creatures vanquished.

Grand Total: 113 creatures vanquished

Notes
Turn   | Place    | Note
-------+----------+-------------------------------------------
     0 | D:1      | RascalDebosk the Djinni Fire Elementalist began the quest
                  | for the Orb.
     0 | D:1      | RascalDebosk set off with the following spells memorised:
                  | Foxfire, Scorch, Volatile Blastmotes, Inner Flame, Flame
                  | Wave.
     0 | D:1      | Reached XP level 1. HP: 15/15 MP: 0/0
   196 | D:1      | Reached XP level 2. HP: 19/21 MP: 0/0
   338 | D:1      | Found a faded altar of an unknown god.
   809 | D:2      | Reached skill level 3 in Spellcasting
   839 | D:2      | Reached XP level 3. HP: 22/25 MP: 0/0
   839 | D:2      | Learned a level 1 spell: Shock
  1804 | D:3      | Noticed Ijyb
  1810 | D:3      | Killed Ijyb
  1811 | D:3      | Reached XP level 4. HP: 19/31 MP: 0/0
  1930 | D:3      | Reached skill level 4 in Spellcasting
  1930 | D:3      | Noticed Robin
  1936 | D:3      | Slain by a goblin

Illustrated notes

Levels and vault maps discovered:
D:1:      psy_arrival_dodecagon, layout_loops_ring,
          chequers_ecumenical_altar_simple_redux, kennysheep_flooded_box,
          chequers_serial_rivers_marsh
D:2:      layout_loops_corners
D:3:      layout_rooms, uniq_robin, uniq_ijyb

Skill      XL: |  1  2  3  4 |
---------------+-------------+-----
Spellcasting   | 3 4 |  4.0
Dodging        | |  2.1
Stealth        | |  1.5

Action                     |  1- 3 |  4- 6 || total
---------------------------+-------+-------++-------
   Cast: Foxfire           |    47 |     4 ||    51
         Shock             |    13 |     9 ||    22
         Scorch            |     3 |     4 ||     7
 Armour: Robe              |     1 |       ||     1
         Leather armour    |       |     3 ||     3
  Dodge: Dodged            |     2 |     2 ||     4
